 Dungeon Crawl Stone Soup version 0.29.0-10-g45618ea6d2 (webtiles) character file.

Game seed: 17851287208369398711

233 Zeldest the Trooper (level 6, -2/46 HPs)
             Began as an Octopode Wanderer on Sept 2, 2022.
             Was an Initiate of Ru.
             Killed from afar by an orc wizard (7 damage)
             ... with a magic dart
             ... in the Ecumenical Temple.
             The game lasted 00:04:03 (3507 turns).

Zeldest the Trooper (Octopode Wanderer)             Turns: 3507, Time: 00:04:03

Health: -2/46      AC:  1    Str: 10    XL:     6   Next: 5%
Magic:  16/16      EV: 13    Int: 14    God:    Ru [......]
Gold:   127        SH:  7    Dex: 15    Spells: 6/7 levels left

rFire   . . .      SeeInvis .   a - +0 dagger
rCold   + . .      Faith    .   d - +2 buckler
rNeg    + . .      Spirit   .   (helmet restricted)
rPois   .          Reflect  .   (no amulet)
rElec   .          Harm     .   l - ring of protection from cold
rCorr   .          Rampage  .   m - ring of positive energy
Will    .....                   p - ring of magical power
Stlth   ++++......              (no ring)
HPRegen 0.15/turn               (no ring)
MPRegen 0.15/turn               (no ring)
                                (no ring)
                                (no ring)

@: no status effects
A: almost no armour, amphibious, 8 rings, camouflage 1, gelatinous body 1,
nimble swimmer 1, tentacles
a: Renounce Religion


You were in the Ecumenical Temple.
You worshipped Ru.
Ru was noncommittal.
You visited 2 branches of the dungeon, and saw 5 of its levels.

You collected 127 gold pieces.

Inventory:

Hand Weapons
 a - a +0 dagger (weapon)
Missiles
 r - 2 throwing nets
Armour
 d - a +2 buckler (worn)
Jewellery
 l - a ring of protection from cold (left tentacle)
 m - a ring of positive energy (right tentacle)
 p - a ring of magical power (on tentacle)
Scrolls
 b - 3 scrolls of teleportation
 c - a scroll of summoning
 e - 4 scrolls of blinking {unknown}
 f - a scroll of torment {unknown}
 o - a scroll of enchant weapon {unknown}
 q - a scroll of fear {unknown}
 s - a scroll of brand weapon {unknown}
 u - 3 scrolls of identify {unknown}
Potions
 g - 2 potions of mutation {unknown}
 h - 2 potions of haste {unknown}
 i - 3 potions of degeneration {unknown}
 j - 3 potions of might {unknown}
 k - a potion of heal wounds {unknown}
 n - 2 potions of attraction {unknown}
 t - a potion of resistance {unknown}
 v - a potion of invisibility {unknown}


   Skills:
 + Level 6.0 Fighting
 + Level 2.7 Short Blades
 + Level 2.9 Dodging
 + Level 1.1 Stealth
 - Level 3.2 Shields
 - Level 1.0 Spellcasting
 - Level 1.2 Poison Magic


You had 6 spell levels left.
You knew the following spells:

 Your Spells              Type           Power      Damage    Failure   Level
a - Sting                 Tmut/Pois      8%         1d3       26%         1

Your spell library contained the following spells:

 Spells                   Type           Power      Damage    Failure   Level
 Apportation              Tloc           0%         N/A       34%         1
 Magic Dart               Conj           0%         1d3       34%         1
 Necrotise                Necr           0%         1d4       34%         1
 Summon Small Mammal      Summ           0%         N/A       34%         1
 Searing Ray              Conj           0%         2d4       45%         2
 Ignite Poison            Fire/Tmut/Pois 1%         N/A       65%         3
 Fulminant Prism          Conj/Hex       0%         3d6       98%         4


Dungeon Overview and Level Annotations

Branches:
Dungeon (4/15)             Temple (1/1) D:4

Altars:
Cheibriados
Dithmenos
Fedhas
Gozag
Kikubaaqudgha
Okawaru
Qazlal
Ru
Trog
Xom

Shops:
D:2 *

Annotations:
D:2 exclusion: orc wizard


Innate Abilities, Weirdness & Mutations

You cannot wear most types of armour.
You are amphibious.
You can wear up to eight rings at the same time.
Your skin changes colour to match your surroundings (Stealth+).
Your rubbery body absorbs attacks. (AC +1, EV +1)
You are camouflaged when in or above water. (Stealth+)
You have tentacles for arms and can constrict up to eight enemies at once.


Message History

You constrict the orc priest, but do no damage.
An orc comes into view. It is wielding a +0 hand axe.
The orc priest calls down the wrath of Beogh upon you.
Beogh smites you!
* * * LOW HITPOINT WARNING * * *
You hit the orc priest but do no damage.
You squeeze the orc priest.
You kill the orc priest!
Your Fighting skill increases to level 6!
Your Stealth skill increases to level 1!
You have reached level 6!
Something hits you but does no damage.
There is a staircase to the Ecumenical Temple here.
You can't go up here!
Something hits you but does no damage.
You climb downwards.
Welcome back to the Ecumenical Temple!
Reactivating autopickup.
There is a staircase back to the Dungeon here.
There is a strange disturbance nearby!
Deactivating autopickup; reactivate with Ctrl-A.
You miss something.
You hear some strange, mumbled words.
A puff of flame appears from out of thin air!
You block the puff of flame.
Okay, then.
You miss something. You hit something but do no damage.
Your squeeze misses something. Something hits you.
* * * LOW HITPOINT WARNING * * *
You barely miss something. You block something's attack.
You hit something but do no damage. Something barely misses you.
You barely miss something. Something hits you.
* * * LOW HITPOINT WARNING * * *
You hit something but do no damage. Something hits you.
* * * LOW HITPOINT WARNING * * *
You hear some strange, mumbled words.
Something tries to affect you, but you resist.
A magic dart appears from out of thin air!
The magic dart hits you!
You die...

♣~.~~.§§.....§♣♣...
♣♣≈~..♣..§.....♣♣..~
♣≈≈≈..♣.♣........~~~
♣♣≈§~.....♣♣.~.._.~~~
♣≈≈≈≈~..<...♣♣~.....~
♣≈≈≈≈~§{......≈≈♣♣♣~~
♣♣≈≈≈≈≈~~...~≈≈♣♣ ♣♣≈
♣♣§≈≈≈≈≈~~~~♣♣♣ ♣♣
♣♣@≈≈≈≈≈~♣♣♣
♣♣♣≈≈≈♣♣♣ ♣♣♣♣♣


There were no monsters in sight!

Vanquished Creatures
  An orc priest (D:4)
  Terence (D:2)
  Natasha (thrice) (D:2)
  3 adders
  5 worms
  2 dart slugs
  2 orcs (D:3)
  3 ball pythons
  5 endoplasms
  A giant cockroach (D:3)
  6 goblins
  7 hobgoblins
  2 jackals (D:3)
  3 quokkas
  7 bats
  2 frilled lizards
  4 kobolds
  4 rats
61 creatures vanquished.

Notes
Turn   | Place    | Note
-------+----------+-------------------------------------------
     0 | D:1      | Zeldest the Octopode Wanderer began the quest for the Orb.
     0 | D:1      | Zeldest set off with the following items: a +0 dagger, a
                  | scroll of teleportation, a scroll of summoning, a +2
                  | buckler; and the following spell memorised: Sting; and the
                  | following spells available to memorise: Ignite Poison.
     0 | D:1      | Reached XP level 1. HP: 18/18 MP: 2/2
   242 | D:1      | Reached XP level 2. HP: 14/24 MP: 3/3
   624 | D:2      | Reached skill level 1 in Dodging
   625 | D:2      | Reached XP level 3. HP: 29/29 MP: 4/4
   633 | D:2      | Noticed Natasha
   644 | D:2      | Killed Natasha
   645 | D:2      | Reached skill level 1 in Short Blades
   849 | D:2      | Reached XP level 4. HP: 34/35 MP: 5/5
   853 | D:2      | Found Ydohyru's General Store.
   908 | D:2      | Noticed Natasha
   970 | D:2      | Killed Natasha
   991 | D:2      | Noticed Terence
  1009 | D:2      | Killed Terence
  1010 | D:2      | Reached XP level 5. HP: 6/41 MP: 1/6
  1209 | D:2      | Noticed Natasha
  1288 | D:2      | Killed Natasha
  2101 | D:3      | Identified the +2 whip of Cuitt {vorpal, Will+}
  3419 | D:4      | Found a staircase to the Ecumenical Temple.
  3445 | Temple   | Entered the Ecumenical Temple
  3466 | Temple   | Became a worshipper of Ru the Awakened
  3493 | D:4      | Reached skill level 6 in Fighting
  3493 | D:4      | Reached skill level 1 in Stealth
  3493 | D:4      | Reached XP level 6. HP: 13/46 MP: 7/7
  3507 | Temple   | Killed from afar by an orc wizard

Illustrated notes

Levels and vault maps discovered:
D:1:      eino_arrival_water_cross, layout_rooms, minmay_misc_feat_ornament,
          minmay_3d_cube
D:2:      layout_basic, serial_shops, shop_fountains, uniq_terence, uniq_natasha
D:3:      layout_basic
D:4:      layout_basic, nicolae_elyvilon_peaceful_grove,
          minmay_temple_entry_drinking_statues
Temple:   nicolae_temple_bog_church

Skill      XL: |  1  2  3  4  5 |
---------------+----------------+-----
Dodging        | 1 2 |  2.9
Short Blades   | 1 2 |  2.7
Fighting       | 6 |  6.0
Stealth        | 1 |  1.1
Shields        | |  3.2
Spellcasting   | |  1.0
Poison Magic   | |  1.2

Action                   |  1- 3 |  4- 6 || total
-------------------------+-------+-------++-------
Melee: Dagger            |    47 |   118 ||   165
       Constrict         |    16 |    30 ||    46
       Tentacles         |    10 |    38 ||    48
 Cast: Sting             |       |     5 ||     5
 Stab: Sleeping          |     4 |     5 ||     9
Armor: Skin              |     1 |     5 ||     6
Dodge: Dodged            |    20 |    35 ||    55
Block: Buckler           |    16 |    23 ||    39
